 Dungeon Crawl Stone Soup version 0.30-a0-341-g682706514a (webtiles) character file.

Game seed: 16203877207238989678

45 retardedninja the Covered (level 3, -7/33 HPs)
             Began as a Minotaur Fighter on Nov 1, 2022.
             Was an Initiate of Gozag.
             Mangled by Grinder (9 damage)
             ... on level 3 of the Dungeon.
             The game lasted 00:01:57 (1248 turns).

retardedninja the Covered (Minotaur Fighter)        Turns: 1248, Time: 00:01:58

Health: -7/33      AC:  8    Str: 22    XL:     3   Next: 42%
Magic:  2/2        EV:  9    Int:  5    God:    Gozag
Gold:   100        SH:  4    Dex:  9    Spells: 2/2 levels left

rFire   . . .      SeeInvis .    a - +0 war axe
rCold   . . .      Faith    .    c - +0 buckler
rNeg    . . .      Spirit   .    b - +0 scale mail
rPois   .          Reflect  .    j - +1 hat
rElec   .          Harm     .    (no cloak)
rCorr   .          Rampage  .    (no gloves)
Will    .....                    (no boots)
Stlth   ..........               (no amulet)
HPRegen 0.25/turn                (no ring)
MPRegen 0.08/turn                (no ring)

@: no status effects
A: horns 2, retaliatory headbutt
a: Renounce Religion, Potion Petition, Call Merchant, Bribe Branch


You were on level 3 of the Dungeon.
You worshipped Gozag.
Gozag was aware of your devotion.
You visited 1 branch of the dungeon, and saw 3 of its levels.

You collected 100 gold pieces.

Inventory:

Hand Weapons
 a - a +0 war axe (weapon)
Armour
 b - a +0 scale mail (worn)
 c - a +0 buckler (worn)
 j - a +1 hat (worn)
Jewellery
 f - a ring of see invisible
 m - a ring of poison resistance
Wands
 l - a wand of paralysis (1)
Scrolls
 e - 2 scrolls of teleportation {unknown}
 g - 5 scrolls of identify {unknown}
 h - a scroll of noise {unknown}
 i - 2 scrolls of amnesia {unknown}
Potions
 d - a potion of might
 k - a potion of heal wounds {unknown}


   Skills:
 + Level 4.1 Fighting
 + Level 3.1 Axes
 + Level 4.2 Armour
 + Level 4.1 Shields


You had 2 spell levels left.
You didn't know any spells.
Your spell library contained the following spells:

 Spells                   Type           Power      Damage    Failure   Level
 Sublimation of Blood     Necr           0%         N/A       95%         2
 Petrify                  Tmut/Erth      0%         N/A       100%        4
 Irradiate                Conj/Tmut      0%         3d11      100%        5
 Chain Lightning          Conj/Air       0%         N/A       100%        9
 Fire Storm               Conj/Fire      0%         5d1       100%        9
 Shatter                  Erth           0%         3d5*      100%        9


Dungeon Overview and Level Annotations

Branches:
Dungeon (3/15)

Altars:
Gozag

Shops:
D:2 **

Annotations:
D:3 Grinder


Innate Abilities, Weirdness & Mutations

You have a pair of horns on your head.
You reflexively headbutt those who attack you in melee.


Message History

Key pressed, stopping explore.
Key pressed, stopping explore.
Key pressed, stopping explore.
Key pressed, stopping explore.
Found an escape hatch in the ceiling.
There is an escape hatch in the ceiling here.
Grinder comes into view.
Grinder shouts!
Grinder is nearby!
Grinder is nearby!
Grinder gestures at you. Pain shoots through your body!
You closely miss Grinder. Grinder gestures at you.
Pain shoots through your body!
You slash Grinder! Your headbutt misses Grinder.
Grinder is moderately wounded.
Grinder hits you.
You closely miss Grinder.
Grinder is moderately wounded.
Grinder hits you.
You writhe in agony.
Grinder says, "Just stop there for a second..."
Grinder gestures at you.
You suddenly lose the ability to move!
Grinder blinks!
You can move again.
Okay, then.
Grinder hits you.
* * * LOW HITPOINT WARNING * * *
You writhe in agony.
* * * LOW HITPOINT WARNING * * *
Unknown command.
You barely miss Grinder. Your headbutt misses Grinder.
Grinder is moderately wounded.
Grinder closely misses you. You furiously retaliate!
You headbutt Grinder. You hit Grinder.
Grinder is heavily wounded.
You block Grinder's attack. Grinder hits you!
You die...
Your body crumbles into a pile of gold.

###.#.#
#.#
....#.#
#.#
#####.#
#.# #.#
#.# #.#
#.#######
#.#
#.<.....#
#.#
#######.#
#.# #.#
#<# #@#
..# #5#
.## #.# .
#.# #.#
#.# #.#
#.#


You could see Grinder.

Vanquished Creatures
  An adder (D:2)
  2 worms (D:2)
  A dart slug (D:1)
  2 giant cockroaches
  4 goblins
  2 hobgoblins (D:2)
  2 quokkas (D:2)
  5 ball pythons
  3 bats
  4 frilled lizards
  3 kobolds
  2 rats
31 creatures vanquished.

Vanquished Creatures (others)
  A plant (D:1)
1 creature vanquished.

Grand Total: 32 creatures vanquished

Notes
Turn   | Place    | Note
-------+----------+-------------------------------------------
     0 | D:1      | retardedninja the Minotaur Fighter began the quest for the
                  | Orb.
     0 | D:1      | Reached XP level 1. HP: 19/19 MP: 0/0
   159 | D:1      | Reached XP level 2. HP: 27/27 MP: 1/1
   507 | D:2      | Found Voxafati's General Store.
   661 | D:2      | Reached XP level 3. HP: 32/33 MP: 2/2
   812 | D:2      | Found a faded altar of an unknown god.
   874 | D:2      | Prayed at the altar of an unknown god.
   874 | D:2      | Became a worshipper of Gozag Ym Sagoz the Greedy
  1060 | D:2      | Found Dodoy's Assorted Antiques.
  1237 | D:3      | Noticed Grinder
  1242 | D:3      | Paralysed by Grinder for 4 turns
  1246 | D:3      | HP: 1/33 [Grinder (6)]
  1248 | D:3      | Mangled by Grinder

Illustrated notes

Levels and vault maps discovered:
D:1:      eino_arrival_water_cross, layout_rooms, nrook_uturn
D:2:      layout_basic, shapermc_ecumenical_altar_acropolis, serial_shops,
          nicolae_shop_trees, nicolae_shop_hallway_plus
D:3:      layout_loops_ring, mainiacjoe_overflow_surrounded_room,
          kennysheep_okawaru_gauntlet, uniq_grinder, uniq_pargi

Skill      XL: |  1  2 |
---------------+-------+-----
Fighting       | 4 |  4.1
Armour         | 4 |  4.2
Shields        | 4 |  4.1
Axes           | 3 |  3.1

Action                   || total
-------------------------++-------
Melee: War axe           ||    82
       Headbutt          ||     6
Armor: Scale mail        ||    40
Dodge: Dodged            ||    24
Block: Buckler           ||    18

Table legend: (Time is in decaauts)
 A = Elapsed time spent in this place.
 B = Non-inter-level travel time spent in this place.
 C = Inter-level travel time spent in this place.
 D = Time resting spent in this place.
 E = Time spent auto-exploring this place.
 F = Levels seen in this place.
 G = Mean time per level.
                   A        B        C        D        E       F      G
               +--------+--------+--------+--------+--------+-----+--------+
         Total |   1280 |   1238 |     42 |      0 |    965 |   3 |  426.7 |
       Dungeon |   1280 |   1238 |     42 |      0 |    965 |   3 |  426.7 |
               +--------+--------+--------+--------+--------+-----+--------+

Top non-repeatable levels by time:
     D:2: 655 daAuts
     D:1: 491 daAuts
     D:3: 134 daAuts
